 Dungeon Crawl Stone Soup version 0.29-a0-371-g91724d5b39 (webtiles) character file.

Game seed: 16590877171356411305

310 timneilson the Shield-Bearer (level 6, -6/38 HPs)
             Began as a Gargoyle Fighter on May 2, 2022.
             Was an Initiate of Okawaru.
             Mangled by an ogre
             ... wielding a +0 giant club
              (29 damage)
             ... on level 4 of the Dungeon.
             The game lasted 00:06:33 (4505 turns).

timneilson the Shield-Bearer (Gargoyle Fighter)     Turns: 4505, Time: 00:06:33

Health: -6/38      AC: 13    Str: 22    XL:     6   Next: 41%
Magic:  6/6        EV: 10    Int: 11    God:    Okawaru [......]
Gold:   167        SH:  5    Dex: 14    Spells: 5/5 levels left

rFire   . . .      SeeInvis .   a - +0 long sword (freeze)
rCold   . . .      Faith    .   c - +0 buckler
rNeg    + . .      Spirit   .   b - +0 scale mail
rPois   ∞          Reflect  .   (no helmet)
rElec   +          Harm     .   e - +1 cloak of the Butterfly {Int+3 Dex+5}
rCorr   .          Rampage  .   (no gloves)
Will    .....                   (no boots)
Stlth   ..........              (no amulet)
HPRegen 0.12/turn               (no ring)
MPRegen 0.10/turn               (no ring)

@: no status effects
A: sickness immunity, AC +4, negative energy resistance 1, electricity
resistance, torment resistance 1, petrification resistance
a: Renounce Religion


You were on level 4 of the Dungeon.
You worshipped Okawaru.
Okawaru was noncommittal.
You visited 1 branch of the dungeon, and saw 7 of its levels.

You collected 167 gold pieces.

Inventory:

Hand Weapons
 a - a +0 long sword of freezing (weapon)
Armour
 b - a +0 scale mail (worn)
 c - a +0 buckler (worn)
 e - the +1 cloak of the Butterfly (worn) {Int+3 Dex+5}
   (You acquired it on level 1 of the Dungeon)

   Int:       It affects your intelligence (+3).
   Dex:       It affects your dexterity (+5).
Wands
 n - a wand of iceblast (7)
Scrolls
 f - a scroll of identify
 g - 2 scrolls of enchant weapon
 h - a scroll of fear {unknown}
 i - 3 scrolls of teleportation
 k - 3 scrolls of magic mapping
 o - 2 scrolls of vulnerability
 r - a scroll of fog {unknown}
Potions
 d - a potion of might
 j - 2 potions of heal wounds
 l - a potion of curing
 m - a potion of berserk rage {unknown}
 p - a potion of lignification
 q - a potion of haste {unknown}
 s - a potion of magic {unknown}


   Skills:
 + Level 4.0 Fighting
 * Level 3.1 Long Blades
 * Level 4.5 Armour
 + Level 1.5 Dodging
 * Level 4.6 Shields
 + Level 1.1 Invocations
 + Level 1.0 Evocations


You had 5 spell levels left.
You didn't know any spells.
Your spell library contained the following spells:

 Spells                   Type           Power      Damage    Failure   Level
 Conjure Flame            Conj/Fire      0%         6-21      98%         3
 Ignite Poison            Fire/Tmut/Pois 0%         N/A       98%         3
 Sticky Flame             Conj/Fire      0%         2d3       100%        4


Dungeon Overview and Level Annotations

Branches:
Dungeon (7/15)
 Temple: D:4-7

Altars:
Dithmenos
Kikubaaqudgha
Nemelex Xobeh
Okawaru
Ru
Zin

Shops:
D:1 (


Innate Abilities, Weirdness & Mutations

You are immune to sickness and miasma.
Your stone body is resilient. (AC +4)
You are immune to poison.
You resist negative energy. (rN+)
You are resistant to electric shocks. (rElec)
You are resistant to unholy torment.
You are immune to petrification.


Message History

You hit the adder.
The adder seems to slow down.
You freeze the adder.
The adder is heavily wounded.
The adder closely misses you.
You closely miss the adder.
The adder is heavily wounded.
You block the adder's attack.
You miss the adder.
The adder is heavily wounded.
The adder bites you but does no damage.
You slash the adder!
The adder seems to slow down.
You freeze the adder.
You kill the adder!
Okawaru accepts your kill.
You see here an adder corpse.
You see here an adder corpse.
You see here a +0 mace of protection.
You see here 4 poisoned darts.
There is an escape hatch in the floor here.
An ogre comes into view. It is wielding a +0 giant club.
You hit the ogre. You freeze the ogre.
The ogre is lightly wounded.
You block the ogre's attack.
You barely miss the ogre.
The ogre is lightly wounded.
You block the ogre's attack.
You hit the ogre. You freeze the ogre.
The ogre is moderately wounded.
You block the ogre's attack.
You slash the ogre! You freeze the ogre.
The ogre is heavily wounded.
You hit the ogre. You freeze the ogre.
The ogre is heavily wounded.
The ogre hits you with a +0 giant club!
You barely miss the ogre.
The ogre is heavily wounded.
The ogre closely misses you.
You closely miss the ogre.
The ogre is heavily wounded.
The ogre hits you with a +0 giant club!!
Ouch! That really hurt!
You die...

########.# ####........#
#.....#####.# #.#.#.#####.#
#.........#.# ###.#.#..##.#.#
######## #.......<[....#
#......# #.###.###.#.#.#
#.####.# #.# #..@O.....########
#.####.###.# ##.##.#.#.........
#..........####.##.....########
######.##.......#.............##
.......##.#######..#.#####.....#
#########.......#..............#
.....##########.#.....[........#
......#######.......#.#.....>#.#
#.##.##.....###.#...#.#...####.#


You could see an ogre.

Vanquished Creatures
  A water moccasin (D:5)
  Ijyb (D:3)
  An orc wizard (D:3)
  6 adders
  2 ufetubi
  A worm (D:4)
  4 orcs
  10 ball pythons
  2 bats
  4 endoplasms
  4 giant cockroaches
  9 hobgoblins
  6 jackals
  A quokka (D:4)
  15 frilled lizards
  5 goblins
  6 kobolds
  4 rats (D:1)
82 creatures vanquished.

Vanquished Creatures (others)
  3 plants (D:3)
3 creatures vanquished.

Grand Total: 85 creatures vanquished

Notes
Turn   | Place    | Note
-------+----------+-------------------------------------------
     0 | D:1      | timneilson the Gargoyle Fighter began the quest for the
                  | Orb.
     0 | D:1      | Reached XP level 1. HP: 14/14 MP: 1/1
   302 | D:1      | Reached XP level 2. HP: 19/19 MP: 2/2
   552 | D:1      | Found Lagenuor's Weapon Boutique.
   569 | D:1      | Found a faded altar of an unknown god.
  1492 | D:1      | Identified a scroll of acquirement
  1492 | D:1      | Acquired the +1 cloak of the Butterfly {Int+3 Dex+5}
  1533 | D:2      | Reached XP level 3. HP: 23/23 MP: 3/3
  1909 | D:2      | Reached XP level 4. HP: 28/28 MP: 4/4
  2366 | D:3      | Noticed Ijyb
  2376 | D:3      | Killed Ijyb
  2388 | D:3      | Found a glowing silver altar of Zin.
  2391 | D:3      | Found a shadowy altar of Dithmenos.
  2494 | D:3      | Reached skill level 1 in Dodging
  2694 | D:3      | Found an iron altar of Okawaru.
  2694 | D:3      | Found an ancient bone altar of Kikubaaqudgha.
  2699 | D:3      | Became a worshipper of Warmaster Okawaru
  3216 | D:3      | Reached XP level 5. HP: 23/33 MP: 5/5
  3435 | D:4      | Found a sacrificial altar of Ru.
  3849 | D:4      | Found a sparkling altar of Nemelex Xobeh.
  4100 | D:4      | You fall into a shaft and drop 3 floors!
  4100 | D:7      | Noticed a sky beast
  4121 | D:5      | Entered Level 5 of the Dungeon
  4174 | D:5      | Noticed a water moccasin
  4186 | D:5      | Killed a water moccasin
  4187 | D:5      | Reached skill level 1 in Invocations
  4187 | D:5      | Reached XP level 6. HP: 35/38 MP: 6/6
  4189 | D:5      | Reached skill level 1 in Evocations
  4505 | D:4      | Mangled by an ogre

Illustrated notes

Levels and vault maps discovered:
D:1:      lightli_arrival_lavapool, layout_loops_corners,
          chequers_ecumenical_altar_simple, serial_shops, shop
D:2:      kennysheep_big_flooded_room, layout_basic
D:3:      layout_loops_ring, nicolae_overflow_squiral,
          gammafunk_temple_overflow_statue, minmay_lizard_king, uniq_ijyb
D:4:      layout_basic, lemuel_round_altar, mainiacjoe_overflow_alcove_4,
          serial_glass, glass_columns_b, glass_columns_a, glass_columns_c,
          glass_columns_a, glass_columns_a, glass_columns_c, glass_columns_b,
          glass_columns_a, roderic_lattice_a, grunt_decor_cap,
          lemuel_flame_loot_1
D:5:      layout_loops_corners, mainiacjoe_overflow_alcove_1
D:6:      layout_loops_corners, minmay_temple_entry_hall,
          uniq_crazy_yiuf_cottage, uniq_blork_the_orc
D:7:      layout_layer_cave, lemuel_crystal_altar,
          nicolae_tso_swordbearing_angel, uniq_maggie

Skill      XL: |  1  2  3  4  5  6 |
---------------+-------------------+-----
Long Blades    | 2 3 |  3.1
Armour         | 4 |  4.5
Shields        | 4 |  4.6
Dodging        | 1 |  1.5
Fighting       | 4 |  4.0
Invocations    | 1 |  1.1
Evocations     | 1 |  1.0

Action                   |  1- 3 |  4- 6 || total
-------------------------+-------+-------++-------
Melee: Long sword        |   139 |   152 ||   291
  Use: Scroll            |     4 |     7 ||    11
       Potion            |     2 |       ||     2
Armor: Scale mail        |    78 |    64 ||   142
Dodge: Dodged            |    63 |    75 ||   138
Block: Buckler           |    35 |    36 ||    71

Table legend: (Time is in decaauts)
 A = Elapsed time spent in this place.
 B = Non-inter-level travel time spent in this place.
 C = Inter-level travel time spent in this place.
 D = Time resting spent in this place.
 E = Time spent auto-exploring this place.
 F = Levels seen in this place.
 G = Mean time per level.
                   A        B        C        D        E       F      G
               +--------+--------+--------+--------+--------+-----+--------+
         Total |   4599 |   4455 |    144 |    405 |   3147 |   7 |  657.0 |
       Dungeon |   4599 |   4455 |    144 |    405 |   3147 |   7 |  657.0 |
               +--------+--------+--------+--------+--------+-----+--------+

Top non-repeatable levels by time:
     D:1: 1557 daAuts
     D:3: 1090 daAuts
     D:4: 1080 daAuts
     D:2: 753 daAuts
     D:5: 96 daAuts
     D:6: 11 daAuts
     D:7: 8 daAuts
